[Event "Titled Tuesday Blitz February 07 Late 2023"]
[White "Karwowski, Kacper"]
[Black "Holt, Conrad"]
[WhiteFideId "1126032"]
[BlackFideId "2034387"]
[WhiteElo "2164"]
[BlackElo "2540"]
[Result "1/2-1/2"]
[Round "03"]
[TimeControl "180+2"]
[Date "2023.02.07"]
[WhiteClock "0:00:06"]
[BlackClock "0:00:10"]

1. d4 d5 2. c4 c6 3. Nc3 dxc4 4. a4 e5 5. Nf3 exd4 6. Nxd4 Bc5 7. e3 Nf6 8. Bxc4 O-O 9. O-O Qe7 10. Qc2 Rd8 11. Nce2 Qe5 12. Nf3 Qe7 13. b3 Bg4 14. Bb2 Nbd7 15. Ng3 Bxf3 16. gxf3 Ne5 17. Qf5 Nxc4 18. bxc4 Ne8 19. Qg4 Qe6 20. Nf5 Qg6 21. Rfd1 Qxg4+ 22. fxg4 g6 23. Ng3 f6 24. Ne4 Be7 25. Kf1 Kf7 26. Ke2 f5 27. gxf5 gxf5 28. Ng3 Nd6 29. Rac1 Ke6 30. Ba3 a5 31. Bxd6 Bxd6 32. Rb1 Bb4 33. f4 Rab8 34. Rxd8 Rxd8 35. Rd1 Rb8 36. Kd3 b5 37. cxb5 cxb5 38. axb5 Rxb5 39. Ne2 Kf6 40. Nd4 Rc5 41. Rb1 Rc3+ 42. Ke2 Ra3 43. Rb2 Kg6 44. Rc2 Rc3 45. Ra2 Rc1 46. Nb3 Rh1 47. Kf3 Kh5 48. Kg2 Re1 49. Nxa5 Rxe3 50. Nc4 Re4 51. Ne5 Rxf4 52. Nd3 Rg4+ 53. Kf3 Bd6 54. Rg2 Kh4 55. Rxg4+ fxg4+ 56. Kg2 h5 57. Nf2 Bc5 58. Ne4 Bd4 59. h3 gxh3+ 60. Kh1 Kg4 61. Nf2+ Bxf2 62. Kh2 Bg3+ 63. Kh1 Kf4 64. Kg1 Kf3 65. Kh1 Kf2 1/2-1/2


[Site "https://www.chess.com"]

[Event "Titled Tuesday Blitz February 07 Late 2023"]
[White "Koutlas, Nikolaos"]
[Black "Yanchenko, Roman"]
[WhiteFideId "25827138"]
[BlackFideId "4137329"]
[WhiteElo "2341"]
[BlackElo "2466"]
[Result "0-1"]
[Round "03"]
[TimeControl "180+2"]
[Date "2023.02.07"]
[WhiteClock "0:00:01"]
[BlackClock "0:00:12"]

1. Nf3 d5 2. g3 Nf6 3. Bg2 Bf5 4. O-O e6 5. d3 Be7 6. Nbd2 O-O 7. c4 c6 8. Nh4 Bg6 9. Nxg6 hxg6 10. Rb1 Nbd7 11. b4 a6 12. a4 b5 13. Nf3 Nb6 14. Nd4 Qd7 15. a5 Na4 16. cxb5 Nc3 17. Qc2 Nxb1 18. bxc6 Qa7 19. Be3 Na3 20. Qb3 Qb8 21. Qxa3 Qxb4 22. Qa1 Rab8 23. c7 Rb7 24. Rc1 Rc8 25. Bf4 Qa3 26. Nc6 Bf8 27. Qd4 g5 28. Bxg5 Rbxc7 29. Ra1 Qd6 30. Ne5 Nd7 31. Nxd7 Qxd7 32. Bf4 Rc2 33. Bf3 Qb5 34. Kg2 Qb2 35. Qa4 R2c6 36. Rd1 Qb4 37. Qa1 Be7 38. Qe5 Bf6 39. Qh5 Qxa5 40. Qg4 Qa4 41. Rb1 a5 42. Rb7 Qd4 43. Qh5 g6 44. Qh6 Bg7 45. Qg5 Qf6 46. Qg4 Ra8 47. Bg5 Qf5 48. Qa4 Rca6 49. Bf4 Qf6 50. h4 Qd8 51. Rd7 Qe8 52. Qc6 Rxc6 0-1


[Site "https://www.chess.com"]

[Event "Titled Tuesday Blitz February 07 Late 2023"]
[White "Riehle, Marco"]
[Black "Girsh, Daniel"]
[WhiteFideId "12904392"]
[BlackFideId "30949190"]
[WhiteElo "2368"]
[BlackElo "2123"]
[Result "1-0"]
[Round "03"]
[TimeControl "180+2"]
[Date "2023.02.07"]
[WhiteClock "0:01:19"]
[BlackClock "0:00:24"]

1. e4 c5 2. a3 Nf6 3. e5 Nd5 4. c4 Nb6 5. b4 d6 6. exd6 exd6 7. Bb2 Nc6 8. Nf3 Bg4 9. Be2 cxb4 10. O-O Be7 11. Bxg7 Rg8 12. Bb2 Bh3 13. Ne1 Qd7 14. Bf3 Ne5 15. Bxe5 dxe5 16. axb4 Nxc4 17. Nc3 Qxd2 18. Bxb7 Rd8 19. Qf3 Be6 20. Rd1 Qf4 21. Qxf4 exf4 22. Nd3 Bd6 23. Ne4 Ke7 24. Nxd6 Rxd6 25. Nxf4 Nd2 26. Rfe1 Rb8 27. Bd5 Rxb4 28. Bxe6 Rxf4 29. Bd5+ Ne4 30. f3 f5 31. fxe4 fxe4 32. g3 Rf5 33. Bxe4 Rxd1 34. Rxd1 Re5 35. Bf3 Kf6 36. Kf2 Ra5 37. Rd6+ Ke5 38. Rh6 Ra2+ 39. Be2 Kd4 40. Rxh7 a5 41. Ra7 a4 42. h4 a3 43. h5 Kc3 44. h6 Ra1 45. h7 Rh1 46. Rxa3+ Kd4 47. Ra7 Ke4 48. Rd7 Ke5 49. Bd3 Kf6 50. Rd8 Kg7 51. Rg8+ 1-0


[Site "https://www.chess.com"]

[Event "Titled Tuesday Blitz February 07 Late 2023"]
[White "Seletsky, Grigory"]
[Black "Avila Pavas, Santiago"]
[WhiteFideId "14112191"]
[BlackFideId "4437128"]
[WhiteElo "2259"]
[BlackElo "2522"]
[Result "1-0"]
[Round "03"]
[TimeControl "180+2"]
[Date "2023.02.07"]
[WhiteClock "0:00:14"]
[BlackClock "0:00:19"]

1. e4 Nf6 2. d3 e6 3. Nd2 Nc6 4. Ngf3 d5 5. g3 dxe4 6. dxe4 e5 7. Bg2 Bc5 8. O-O O-O 9. h3 Be6 10. Re1 h6 11. c3 a5 12. a4 Qd6 13. Qc2 Rfd8 14. Bf1 Ne7 15. Nc4 Qc6 16. Nfxe5 Qe8 17. Be3 Bxe3 18. Rxe3 b6 19. Rd1 Rxd1 20. Qxd1 Rd8 21. Qc2 Rb8 22. Na3 Nc8 23. Nec4 c6 24. f4 Nd7 25. e5 Qd8 26. Qd1 Bd5 27. Bg2 Ne7 28. Nd6 Nc5 29. b4 Bb3 30. Qb1 Bxa4 31. bxc5 bxc5 32. Qe4 Nd5 33. Rf3 Bd1 34. Rf2 Rb3 35. Rd2 Rxa3 36. Qf5 Qf8 37. Bxd5 Ra1 38. Bxf7+ Kh8 39. Kf2 a4 40. Bg6 Qxf5 41. Nxf5 Bb3 42. Rd8+ Bg8 43. Ne7 1-0


[Site "https://www.chess.com"]

[Event "Titled Tuesday Blitz February 07 Late 2023"]
[White "Timmermans, Mark"]
[Black "Vovk, Orest"]
[WhiteFideId "1026399"]
[BlackFideId "14113490"]
[WhiteElo "2392"]
[BlackElo "2315"]
[Result "1-0"]
[Round "03"]
[TimeControl "180+2"]
[Date "2023.02.07"]
[WhiteClock "0:00:23"]
[BlackClock "0:00:02"]

1. e4 g5 2. d4 g4 3. Qxg4 d5 4. Qh4 dxe4 5. Qxe4 Nf6 6. Qd3 Nc6 7. Nf3 Bg4 8. c3 Qd5 9. Nbd2 O-O-O 10. Qc4 Qh5 11. Be2 e5 12. dxe5 Nxe5 13. Qb5 Bc5 14. Kf1 Nxf3 15. Nxf3 Ne4 16. Nd4 Bxd4 17. Qxh5 Bxh5 18. Bxh5 Bxf2 19. g3 Bb6 20. Kg2 f5 21. Bf4 Nf6 22. Bf3 Nd5 23. Bg5 Ne3+ 24. Kh3 Rd3 25. Rhe1 Rg8 26. Bf4 Ng4 27. Be2 Rd7 28. Bc4 Rgd8 29. Be6 Nf2+ 30. Kg2 Nd3 31. Red1 Kb8 32. Bxd7 Rxd7 33. Kf1 Kc8 34. Rd2 Nxf4 35. Rxd7 Kxd7 36. gxf4 Be3 37. Ke2 Bxf4 38. Rf1 Bxh2 39. Rh1 Be5 40. Rxh7+ Ke6 41. Kf3 a5 42. Rh6+ Kd5 43. Ke3 a4 44. Kd3 b6 45. b3 axb3 46. axb3 f4 47. c4+ Kc5 48. Rh5 Kd6 49. Ke4 Bc3 50. Rd5+ Kc6 51. Kxf4 Bb4 52. Ke4 Bc5 53. Rh5 Bd6 54. Kd3 Bc5 55. Kc3 Bd6 56. b4 Be7 57. Rh6+ Kb7 58. Kb3 Bf8 59. Rg6 Be7 60. Ka4 Bd6 61. Kb5 Bf4 62. c5 bxc5 63. bxc5 Bh2 64. c6+ Ka7 65. Rg2 Bd6 66. Ra2+ Kb8 67. Kc4 Bf4 68. Kd5 Bg3 69. Ke6 Bf4 70. Kd7 Be3 71. Rb2+ Ka7 72. Rb7+ Ka6 73. Rxc7 Bf4 74. Rb7 Bg3 75. Rb1 1-0


[Site "https://www.chess.com"]

[Event "Titled Tuesday Blitz February 07 Late 2023"]
[White "Gadimbayli, Abdulla"]
[Black "Yeritsyan, Hayk"]
[WhiteFideId "13404938"]
[BlackFideId "13307320"]
[WhiteElo "2500"]
[BlackElo "2241"]
[Result "1-0"]
[Round "03"]
[TimeControl "180+2"]
[Date "2023.02.07"]
[WhiteClock "0:01:40"]
[BlackClock "0:01:05"]

1. e4 c6 2. Nf3 d5 3. exd5 cxd5 4. Ne5 Nf6 5. d4 Nc6 6. c3 Bd7 7. Nd2 Nxe5 8. dxe5 Ng8 9. Nf3 e6 10. Bd3 Ne7 11. Bf4 Nc6 12. Qe2 Be7 13. h4 Qb6 14. O-O h6 15. h5 O-O-O 16. b4 Kb8 17. a4 Rc8 18. a5 Qc7 19. Rfb1 f6 20. b5 Nxe5 21. Nxe5 fxe5 22. Bxe5 Bd6 23. b6 Qc5 24. Bd4 Qc6 25. Bb5 1-0


[Site "https://www.chess.com"]

[Event "Titled Tuesday Blitz February 07 Late 2023"]
[White "Papayan, Oleg"]
[Black "Makridis, Dimitrios"]
[WhiteFideId "4193911"]
[BlackFideId "25864475"]
[WhiteElo "2253"]
[BlackElo "2356"]
[Result "0-1"]
[Round "03"]
[TimeControl "180+2"]
[Date "2023.02.07"]
[WhiteClock "0:00:01"]
[BlackClock "0:00:56"]

1. d4 Nf6 2. Nf3 g6 3. Nc3 d5 4. Bf4 Bg7 5. Nb5 Na6 6. e3 c6 7. Nc3 Nb8 8. h3 O-O 9. Bd3 a6 10. a4 c5 11. dxc5 Nbd7 12. O-O Nxc5 13. Be5 Ncd7 14. Bh2 Re8 15. e4 e5 16. Re1 d4 17. Nb1 b6 18. Nbd2 Bb7 19. Nc4 Qc7 20. b3 b5 21. Ncd2 Qb6 22. axb5 axb5 23. Qe2 Rxa1 24. Rxa1 Bc6 25. Qf1 Nh5 26. b4 Nf4 27. Bxf4 exf4 28. Ra5 Bf8 29. Nb3 Bxb4 30. Ra2 Bc3 31. Qc1 Qc7 32. Nbxd4 Ne5 33. Nxe5 Bxd4 34. Nxc6 Qxc6 35. Qxf4 Kg7 36. Kf1 Be5 37. Qe3 b4 38. f4 Bc3 39. e5 f6 40. Ra7+ Kf8 41. f5 g5 42. e6 b3 43. Rf7+ Kg8 44. cxb3 Be5 45. Qe2 Qc1+ 46. Kf2 Bd4+ 47. Kg3 Qf4# 0-1


[Site "https://www.chess.com"]

[Event "Titled Tuesday Blitz February 07 Late 2023"]
[White "Dragomirescu, Angela"]
[Black "Tanenbaum, Zachary"]
[WhiteFideId "1209914"]
[BlackFideId "2060850"]
[WhiteElo "2130"]
[BlackElo "2261"]
[Result "1-0"]
[Round "03"]
[TimeControl "180+2"]
[Date "2023.02.07"]
[WhiteClock "0:00:59"]
[BlackClock "0:00:26"]

1. e4 e5 2. Nf3 Nc6 3. Bb5 a6 4. Ba4 d6 5. O-O Nf6 6. Re1 Be7 7. c3 O-O 8. h3 b5 9. Bb3 Nb8 10. d4 Nbd7 11. a4 Bb7 12. Nbd2 h6 13. Bc2 Re8 14. b3 Bf8 15. Bb2 g6 16. dxe5 dxe5 17. Qe2 c6 18. b4 Nh5 19. g3 Nb6 20. axb5 cxb5 21. Bb3 Qd7 22. Kg2 Rad8 23. Red1 Qc6 24. c4 Bxb4 25. cxb5 axb5 26. Rac1 Qf6 27. Qxb5 Bxd2 28. Nxd2 Rxd2 29. Rxd2 Bxe4+ 30. Kh2 Rb8 31. Qxe5 Qxe5 32. Bxe5 Re8 33. Bd4 Nd7 34. Rc7 Bf5 35. Bb2 Ne5 36. Bxe5 Rxe5 37. g4 Nf4 38. Bxf7+ Kf8 39. gxf5 Rxf5 40. Rd8+ Kg7 41. Be6+ Kf6 42. Bxf5 Kxf5 43. Rf8+ Kg5 44. Rxf4 1-0


[Site "https://www.chess.com"]

[Event "Titled Tuesday Blitz February 07 Late 2023"]
[White "Fiorito, Francisco"]
[Black "Bolourchifard, Farzad"]
[WhiteFideId "180165"]
[BlackFideId "12510084"]
[WhiteElo "2305"]
[BlackElo "2292"]
[Result "0-1"]
[Round "03"]
[TimeControl "180+2"]
[Date "2023.02.07"]
[WhiteClock "0:00:02"]
[BlackClock "0:00:12"]

1. d4 Nf6 2. Nc3 d5 3. Bf4 c6 4. e3 Bf5 5. f3 e6 6. g4 Bg6 7. h4 h5 8. g5 Ng8 9. Nh3 Bd6 10. Qd2 Ne7 11. Bxd6 Qxd6 12. Nf4 Nd7 13. O-O-O Nb6 14. e4 dxe4 15. fxe4 O-O-O 16. a3 Rd7 17. e5 Qc7 18. Nxg6 Nxg6 19. Ne4 Nxe5 20. Qa5 Rhd8 21. c3 Kb8 22. Nc5 Rd6 23. Ba6 Rd5 24. Bxb7 Nec4 25. Qb4 Rxc5 26. dxc5 Qf4+ 27. Kb1 Nd2+ 28. Rxd2 Qxd2 29. cxb6 Kxb7 30. bxa7+ Kxa7 31. Qa5+ Kb7 32. Qb4+ Ka7 33. Rc1 Rb8 34. Qa4+ Kb7 35. Rd1 Qg2 36. Qb4+ Kc8 37. Qf8+ Kb7 38. Rd7+ Ka8 39. Ra7+ Kxa7 40. Qc5+ Kb7 41. Qe7+ Ka8 42. b4 Qe4+ 43. Kb2 Qe2+ 44. Kb3 Qd1+ 45. Kb2 Qd2+ 46. Kb3 Qd5+ 47. Kb2 e5 48. Qc7 e4 49. Qe7 Qe6 50. Qc5 Kb7 51. b5 Kc7 52. a4 e3 53. c4 e2 54. a5 e1=Q 55. Qa7+ Kc8 56. Qa6+ Kd8 57. Qa7 Q1e5+ 58. Kb3 Rxb5+ 59. Ka4 Qa1# 0-1


[Site "https://www.chess.com"]

[Event "Titled Tuesday Blitz February 07 Late 2023"]
[White "Trost, Edvin"]
[Black "Kaplan, Avi Harrison"]
[WhiteFideId "1729519"]
[BlackFideId "30934559"]
[WhiteElo "2399"]
[BlackElo "2146"]
[Result "0-1"]
[Round "03"]
[TimeControl "180+2"]
[Date "2023.02.07"]
[WhiteClock "0:00:01"]
[BlackClock "0:00:17"]

1. e4 d6 2. Nc3 g6 3. d4 Bg7 4. Nf3 a6 5. a4 Nc6 6. h3 Nf6 7. Bg5 O-O 8. e5 Nd7 9. e6 fxe6 10. Bc4 d5 11. Bb3 Nf6 12. Qe2 h6 13. Be3 Bd7 14. g4 Na5 15. Ba2 b5 16. Ne5 b4 17. Nd1 Kh7 18. c3 bxc3 19. bxc3 Ne4 20. Bb1 Rb8 21. Rg1 c5 22. f3 Nd6 23. Bxg6+ Kg8 24. g5 hxg5 25. f4 cxd4 26. Qh5 Rf6 27. fxg5 Rxg6 28. Qxg6 dxe3 29. Nxe3 Qe8 30. Rc1 Nb3 31. Rc2 Qxg6 32. Nxg6 Bxa4 33. Ra2 Bxc3+ 34. Kf2 Bb5 35. Nxe7+ Kf7 36. Ra3 Nc5 37. Rxc3 Nce4+ 38. Kf3 Nxc3 39. Rc1 Be2+ 0-1


[Site "https://www.chess.com"]

[Event "Titled Tuesday Blitz February 07 Late 2023"]
[White "Danielyan, Vahe"]
[Black "Salimova, Nurgyul"]
[WhiteFideId "13304828"]
[BlackFideId "2915138"]
[WhiteElo "2346"]
[BlackElo "2391"]
[Result "0-1"]
[Round "03"]
[TimeControl "180+2"]
[Date "2023.02.07"]
[WhiteClock "0:00:02"]
[BlackClock "0:00:05"]

1. e4 c6 2. d4 d5 3. exd5 cxd5 4. Bd3 Nf6 5. h3 Nc6 6. c3 Qc7 7. Nf3 g6 8. O-O Bf5 9. Be2 Bg7 10. Be3 O-O 11. Nbd2 Rfe8 12. Re1 Rad8 13. Nf1 Ne4 14. Qa4 a6 15. Rad1 b5 16. Qxa6 Ra8 17. Qxb5 Reb8 18. Qxd5 Rxb2 19. Bf4 Nxc3 20. Qxf5 gxf5 21. Bxc7 Nxe2+ 22. Kh1 Nexd4 23. Ne5 Raxa2 24. Nxc6 Nxc6 25. Bg3 f4 26. Bh4 Bf6 27. Bxf6 exf6 28. Rd6 Ne5 29. Rxf6 Ng6 30. Rf5 Rxf2 31. Rg5 Kg7 32. Nh2 h6 33. Rg4 h5 34. Rg5 Kh6 35. Nf3 f6 36. Rxg6+ Kxg6 37. Rg1 Kf5 38. Nh4+ Ke4 39. Re1+ Rae2 40. Rb1 Rb2 41. Rc1 Rfc2 42. Re1+ Re2 43. Ra1 f3 44. Ra4+ Kd5 45. Ra5+ Kc6 46. Nxf3 Rxg2 47. Rxh5 Rgf2 48. Rf5 Rf1+ 49. Ng1 Rxf5 0-1


[Site "https://www.chess.com"]

[Event "Titled Tuesday Blitz February 07 Late 2023"]
[White "Roux, Baptiste"]
[Black "Bjelobrk, Igor"]
[WhiteFideId "36017450"]
[BlackFideId "4300726"]
[WhiteElo "2300"]
[BlackElo "2403"]
[Result "1/2-1/2"]
[Round "03"]
[TimeControl "180+2"]
[Date "2023.02.07"]
[WhiteClock "0:00:23"]
[BlackClock "0:00:25"]

1. e4 e6 2. d4 d5 3. Bd3 c5 4. exd5 exd5 5. Nf3 Nc6 6. O-O Nf6 7. Re1+ Be7 8. dxc5 O-O 9. Be3 Ng4 10. Nc3 Nxe3 11. fxe3 Be6 12. Nd4 g6 13. Nce2 Bxc5 14. Kh1 Qe7 15. Nf4 Rad8 16. Nfxe6 fxe6 17. Qg4 Rf6 18. Nxc6 bxc6 19. e4 Qf7 20. h3 Rf4 21. Qg5 Be7 22. Qe5 Bd6 23. Qg5 Rf8 24. exd5 cxd5 25. Qh6 e5 26. a4 e4 27. Bb5 Qe6 28. Rf1 Rxf1+ 29. Rxf1 Rxf1+ 30. Bxf1 Qe5 31. g3 Qxg3 32. Qd2 d4 33. Bc4+ Kf8 34. Qh6+ Ke8 35. Bb5+ Kd8 36. Qd2 Qxh3+ 37. Kg1 Qg3+ 38. Kf1 Qf3+ 39. Kg1 Bc5 40. b4 Bd6 41. Qxd4 Qg3+ 42. Kf1 Qf4+ 43. Ke2 Qf3+ 44. Kd2 Qf4+ 45. Kc3 Qe5 46. Qxe5 Bxe5+ 47. Kd2 g5 48. Ke3 Bc3 49. Kxe4 Bxb4 50. Kf5 Be7 51. c4 h5 52. Bc6 Kc7 53. Bd5 Kd6 54. Bf7 h4 55. Kg4 Kc5 56. Be8 a6 57. Bf7 Kb4 58. Be8 Kxc4 59. Bd7 a5 60. Be8 Kd3 61. Bb5+ Ke3 62. Kh3 Kf3 63. Bd7 Kf4 64. Bg4 Bd6 65. Bd7 Bc5 66. Bg4 Be3 67. Bd7 Ke5 68. Bg4 Kd4 69. Bc8 Kc4 70. Bd7 Kb4 71. Be8 Kc5 72. Bd7 Kd6 73. Bg4 Kc6 74. Bc8 Bf4 75. Bg4 Kc7 76. Bf5 Kc6 77. Bg4 Kc5 78. Bf5 Kd6 79. Bg4 Ke5 80. Bc8 Kd4 81. Bd7 Bd6 82. Be6 Kc5 83. Bg4 Kb4 84. Bd7 Kc5 85. Be8 Be7 86. Bd7 Kd4 87. Bg4 Ke3 88. Bd7 Kf2 89. Bg4 Kg1 90. Bd7 Kf2 91. Bg4 1/2-1/2


[Site "https://www.chess.com"]

[Event "Titled Tuesday Blitz February 07 Late 2023"]
[White "Adewumi, Tanitoluwa"]
[Black "Przybylski, Wojciech"]
[WhiteFideId "30966396"]
[BlackFideId "1117599"]
[WhiteElo "2283"]
[BlackElo "2321"]
[Result "1/2-1/2"]
[Round "03"]
[TimeControl "180+2"]
[Date "2023.02.07"]
[WhiteClock "0:00:05"]
[BlackClock "0:00:06"]

1. e4 e5 2. Nf3 Nc6 3. Nc3 Nf6 4. Bb5 Nd4 5. O-O Nxb5 6. Nxb5 d6 7. Nc3 g6 8. d4 exd4 9. Qxd4 Bg7 10. Nd5 Nh5 11. Qc4 c6 12. Nf4 Bg4 13. Nxh5 gxh5 14. Ng5 Qf6 15. e5 dxe5 16. Ne4 Qe7 17. Be3 Be6 18. Qe2 O-O 19. Bc5 Qh4 20. Bxf8 Rxf8 21. g3 Qg4 22. Qxg4 hxg4 23. Rfd1 f5 24. Nc5 Bc8 25. Nd7 Re8 26. Nc5 Kf7 27. c3 Bf8 28. Nd3 Kf6 29. Re1 Bd6 30. Rad1 Bc7 31. Nc5 h5 32. Nd7+ Kf7 33. Nc5 Re7 34. Nd3 Kf6 35. Re2 b6 36. Kg2 Kg5 37. Nb4 Bb7 38. h4+ gxh3+ 39. Kxh3 Kf6 40. Nd3 c5 41. Rde1 Ba6 42. Re3 e4 43. Nc1 Bc8 44. Kh2 f4 45. R3e2 e3 46. fxe3 fxg3+ 47. Kg2 Bg4 48. Rf1+ Kg5 49. Ree1 h4 50. Nd3 h3+ 51. Kg1 h2+ 52. Kg2 Be6 53. Nf4 Bc8 54. Kxg3 Be5 55. Kxh2 Rg7 56. Rg1+ Kf6 57. Rxg7 Kxg7 58. Kg3 Kf6 59. Kf2 Bb7 60. Rf1 Kf5 61. Ne2 Ke4 62. Ng3+ Kd3 63. Rd1+ Kc2 64. Rd7 Bc6 65. Rxa7 Kxb2 66. Ra6 Bc7 67. Ra7 Be5 68. Ra6 Bc7 69. a4 Kxc3 70. a5 Bb5 71. Ra7 Bxg3+ 72. Kxg3 bxa5 73. Rxa5 Kb4 74. Ra1 c4 75. Rb1+ Kc5 76. Kf2 c3 77. Ke1 Bd3 78. Rb3 Kc4 79. Ra3 Be4 80. Ke2 Bd3+ 81. Ke1 Bf5 82. Ra5 Bg6 83. Rg5 Bh7 84. Re5 Kd3 85. Re7 Be4 86. Rd7+ Kxe3 87. Kd1 Bd3 88. Kc1 Be4 89. Re7 Kd3 90. Re8 Bd5 91. Re1 Bb3 92. Rh1 Bd5 93. Rh3+ Kc4 94. Rh4+ Kb3 95. Rh3 Bc4 96. Rh8 Bd3 97. Rb8+ Kc4 98. Rc8+ Kd4 99. Rd8+ Kc4 100. Rd7 Be4 101. Rd6 Bf5 102. Kd1 Kb3 103. Rb6+ Kc4 104. Rf6 Be4 105. Rf4 Kd3 106. Rh4 Bf5 107. Kc1 Bg6 108. Rh6 Bf5 109. Rh8 Be4 110. Rf8 Kd4 111. Rf4 Ke3 112. Rh4 Kd3 113. Rh3+ Kc4 114. Re3 Kd4 115. Rg3 Bd3 116. Rg4+ Be4 117. Rg5 Kd3 118. Rc5 Kd4 119. Rc7 Bf5 120. Rf7 Bg6 121. Rf6 Be4 122. Rf4 Kd3 123. Rh4 Bf5 124. Rh5 Bg6 125. Rg5 Bh7 126. Re5 Kc4 127. Re3 Kd4 128. Rxc3 Kxc3 1/2-1/2


[Site "https://www.chess.com"]

[Event "Titled Tuesday Blitz February 07 Late 2023"]
[White "Jimenez Almeida, Luis David"]
[Black "Sochacki, Christophe"]
[WhiteFideId "22242244"]
[BlackFideId "662569"]
[WhiteElo "2242"]
[BlackElo "2448"]
[Result "1-0"]
[Round "03"]
[TimeControl "180+2"]
[Date "2023.02.07"]
[WhiteClock "0:00:07"]
[BlackClock "0:00:04"]

1. e4 c5 2. Nc3 a6 3. Nge2 b5 4. d4 cxd4 5. Nxd4 Bb7 6. Bd3 d6 7. O-O Nf6 8. Re1 g6 9. a4 b4 10. Na2 a5 11. c3 bxc3 12. Nxc3 Bg7 13. h3 O-O 14. Be3 Nbd7 15. Ndb5 Rc8 16. Bc2 Ne5 17. Bd4 Nc6 18. Be3 Ne5 19. Qe2 Nc4 20. Bc1 Nd7 21. b3 Nce5 22. Bb2 Nc5 23. Rad1 Qd7 24. Nd5 Bxd5 25. exd5 Rfe8 26. Kh1 Qb7 27. Bd4 Qxd5 28. f4 Ned3 29. Bxg7 Kxg7 30. Bxd3 Qxb3 31. Bc2 Qb4 32. Qd2 Kf8 33. Qxb4 axb4 34. Rb1 Na6 35. Bd3 Rb8 36. Nxd6 Nc5 37. Bb5 Red8 38. Ne4 Nd3 39. Bxd3 Rxd3 40. Nc5 Rd6 41. a5 Rb5 42. Nb3 Ke8 43. Kh2 Kd7 44. Rbd1 h5 45. Rxd6+ Kxd6 46. Rd1+ Kc7 47. Rd4 f6 48. g4 e5 49. fxe5 fxe5 50. Rc4+ Kd6 51. gxh5 gxh5 52. Rh4 Kd5 53. a6 Rb6 54. a7 Ra6 55. Rxb4 Rxa7 56. Kg3 Ra3 57. Kh4 e4 58. Kxh5 e3 59. Nc1 Rc3 60. Ne2 Rc2 61. Nf4+ Ke5 62. Kg4 Rf2 63. Nd3+ Kd5 64. Nxf2 exf2 65. Rf4 Ke5 66. Rxf2 Ke6 67. h4 Ke7 68. h5 1-0


[Site "https://www.chess.com"]

[Event "Titled Tuesday Blitz February 07 Late 2023"]
[White "Iljin, Timofey"]
[Black "Javakhadze, Zurab"]
[WhiteFideId "14110180"]
[BlackFideId "13603647"]
[WhiteElo "2329"]
[BlackElo "2459"]
[Result "0-1"]
[Round "03"]
[TimeControl "180+2"]
[Date "2023.02.07"]
[WhiteClock "0:00:03"]
[BlackClock "0:00:34"]

1. d4 Nf6 2. c4 e6 3. Nc3 Bb4 4. e3 O-O 5. a3 Bxc3+ 6. bxc3 d6 7. Bd3 e5 8. e4 c5 9. Ne2 Nc6 10. Bg5 h6 11. Bh4 cxd4 12. cxd4 exd4 13. O-O Ne5 14. Nxd4 Ng6 15. Bg3 Re8 16. f3 Nh5 17. Bf2 Nhf4 18. Kh1 Qg5 19. Rg1 Ne5 20. Bf1 Qh5 21. Nb5 Be6 22. Nc7 Bxc4 23. Nxa8 Bxf1 24. Qxf1 Rxa8 25. Rd1 Nxf3 26. Bg3 Nxg1 27. Bxf4 Ne2 28. Rd5 Qg4 29. h3 Qxf4 30. Qxe2 Re8 31. Rd4 Qc1+ 32. Kh2 Qxa3 33. Qb5 Re7 34. Qf5 Qc5 35. Rd5 Qc7 36. Qf4 Re5 37. Rd4 a5 38. Qd2 b5 39. Rd3 Rxe4 40. Rc3 Rc4 41. Re3 d5+ 0-1


[Site "https://www.chess.com"]

[Event "Titled Tuesday Blitz February 07 Late 2023"]
[White "Preotu, Razvan"]
[Black "Baches Garcia, Guillermo"]
[WhiteFideId "2613280"]
[BlackFideId "2209764"]
[WhiteElo "2475"]
[BlackElo "2327"]
[Result "0-1"]
[Round "03"]
[TimeControl "180+2"]
[Date "2023.02.07"]
[WhiteClock "0:00:02"]
[BlackClock "0:00:34"]

1. e4 c5 2. Nf3 a6 3. c3 e6 4. d4 d5 5. e5 Nc6 6. Bd3 Nge7 7. O-O Nf5 8. dxc5 Bxc5 9. Bg5 Qc7 10. Qe2 h6 11. Bf4 O-O 12. Nbd2 Ba7 13. g4 Nfe7 14. Bg3 b5 15. Nh4 Bb7 16. Ndf3 d4 17. Qe4 g6 18. Qf4 Kh7 19. Qf6 Ng8 20. Qf4 dxc3 21. bxc3 Rad8 22. Rad1 Nce7 23. Be4 Nd5 24. Qc1 Rc8 25. Ng5+ hxg5 26. Qxg5 Nde7 27. Bb1 Qc6 0-1


[Site "https://www.chess.com"]

[Event "Titled Tuesday Blitz February 07 Late 2023"]
[White "Matko, Ognjen"]
[Black "Mgeladze, Tamaz"]
[WhiteFideId "14509717"]
[BlackFideId "13601202"]
[WhiteElo "2295"]
[BlackElo "2388"]
[Result "0-1"]
[Round "03"]
[TimeControl "180+2"]
[Date "2023.02.07"]
[WhiteClock "0:00:09"]
[BlackClock "0:01:14"]

1. e4 c5 2. Nf3 g6 3. c3 Nf6 4. e5 Nd5 5. d4 cxd4 6. Bc4 Nb6 7. Bb3 Bg7 8. O-O O-O 9. cxd4 d6 10. h3 Nc6 11. Qe2 dxe5 12. dxe5 Nd4 13. Nxd4 Qxd4 14. Re1 Be6 15. Bxe6 fxe6 16. Nc3 Nd5 17. Bd2 Rad8 18. Nxd5 exd5 19. Be3 Qxe5 20. Bxa7 Qxe2 21. Rxe2 e5 22. Bb6 Rc8 23. Rd1 d4 24. f3 Rf6 25. Ba5 Ra6 26. Be1 Rxa2 27. Bg3 Rc5 28. f4 e4 29. Rxe4 Rxb2 30. Re8+ Kf7 31. Rde1 Bf6 32. f5 Rcc2 33. Bd6 Rxg2+ 34. Kh1 gxf5 35. Rf8+ Kg7 36. Ree8 Rgf2 37. Rg8+ Kh6 38. Re6 Rf1+ 39. Rg1 Rxg1+ 40. Kxg1 Kg7 41. Bc7 Kf7 42. Rd6 Be5 43. Rd7+ Ke6 44. Rxh7 Bxc7 45. Rxc7 d3 46. Kf1 Rb1+ 0-1


[Site "https://www.chess.com"]

[Event "Titled Tuesday Blitz February 07 Late 2023"]
[White "Shuvalova, Polina"]
[Black "Bochnicka, Vladimir"]
[WhiteFideId "24171760"]
[BlackFideId "14943450"]
[WhiteElo "2484"]
[BlackElo "2327"]
[Result "0-1"]
[Round "03"]
[TimeControl "180+2"]
[Date "2023.02.07"]
[WhiteClock "0:01:19"]
[BlackClock "0:01:28"]

1. e4 c5 2. Nf3 Nc6 3. Bb5 e6 4. Bxc6 bxc6 5. b3 d5 6. Qe2 Ne7 7. O-O Ng6 8. d3 Be7 9. Bb2 O-O 10. Nc3 e5 11. exd5 cxd5 12. Nxe5 Nf4 13. Qf3 Bg5 14. Rfe1 Be6 15. Ne2 Nxe2+ 16. Rxe2 d4 0-1


[Site "https://www.chess.com"]

[Event "Titled Tuesday Blitz February 07 Late 2023"]
[White "Papasimakopoulos, Alexandros"]
[Black "Urbina Perez, Juan Antonio"]
[WhiteFideId "4244125"]
[BlackFideId "2217368"]
[WhiteElo "2401"]
[BlackElo "2266"]
[Result "1-0"]
[Round "03"]
[TimeControl "180+2"]
[Date "2023.02.07"]
[WhiteClock "0:00:16"]
[BlackClock "0:00:26"]

1. Nf3 d5 2. b3 Bf5 3. Bb2 e6 4. e3 h6 5. Be2 Nf6 6. c4 c6 7. O-O Be7 8. d4 O-O 9. Nc3 Nbd7 10. Ne5 a5 11. f4 Ne4 12. Bf3 Nxc3 13. Bxc3 Bd6 14. g4 Bh7 15. Kh1 f6 16. Nxd7 Qxd7 17. Qe2 Qe7 18. e4 dxe4 19. Bxe4 Rfe8 20. Bxh7+ Kxh7 21. Rae1 Bb4 22. Qd3+ Kh8 23. f5 Qd7 24. fxe6 Rxe6 25. Rd1 Rae8 26. Bxb4 axb4 27. Qf5 Qe7 28. d5 cxd5 29. cxd5 Re5 30. Qf4 Rd8 31. Rd4 Rexd5 32. Rxb4 Rd1 33. Rc4 Qe2 34. Rc1 Rxc1 35. Rxc1 Rd1+ 36. Rxd1 Qxd1+ 37. Kg2 Qe2+ 38. Kg3 Qxa2 39. Qb8+ Kh7 40. Qxb7 Qe2 41. Qd5 Qe3+ 42. Qf3 Qe5+ 43. Kh3 Qb2 44. Qd3+ Kh8 45. Kg3 Qe5+ 46. Kf3 Qxh2 47. b4 Qh1+ 48. Kf4 Qc6 49. b5 Qc5 50. Qd7 Qe5+ 51. Kf3 Qc3+ 52. Ke4 Qc4+ 53. Ke3 Qc3+ 54. Qd3 Qc5+ 55. Kd2 Qb4+ 56. Kc2 Kg8 57. Qb3+ Qxb3+ 58. Kxb3 Kf7 59. b6 Ke7 60. b7 Kd7 61. b8=Q 1-0


[Site "https://www.chess.com"]

[Event "Titled Tuesday Blitz February 07 Late 2023"]
[White "Prydun, Andriy"]
[Black "Bazeev, German"]
[WhiteFideId "14145898"]
[BlackFideId "24119350"]
[WhiteElo "2134"]
[BlackElo "2369"]
[Result "0-1"]
[Round "03"]
[TimeControl "180+2"]
[Date "2023.02.07"]
[WhiteClock "0:00:01"]
[BlackClock "0:00:03"]

1. e4 c6 2. d4 d5 3. e5 Na6 4. Nd2 Nc7 5. Nb3 g6 6. h3 Bg7 7. Nf3 Nh6 8. Bd3 O-O 9. O-O f6 10. Re1 Nf7 11. Bf4 f5 12. Qd2 Ne6 13. c3 Nxf4 14. Qxf4 Bh6 15. Qg3 e6 16. a4 Ng5 17. Nxg5 Bxg5 18. a5 Kg7 19. Re2 Be7 20. Nd2 g5 21. b4 Bd7 22. Ree1 Kh8 23. Be2 Qe8 24. Nb3 Rd8 25. Nc5 Bc8 26. Reb1 a6 27. Rf1 Rg8 28. Qd3 h5 29. g3 h4 30. g4 Qf7 31. Kh1 Rdf8 32. Ra2 fxg4 33. Bxg4 Qf4 0-1


[Site "https://www.chess.com"]